 Dungeon Crawl Stone Soup version 0.25-a0-86-ga6f17ae7d4 (webtiles) character file.

Game seed: 7161443729866943675, levelgen mode: deterministic

13 D1HalberdGnoll the Grave Robber (level 2, -11/27 HPs)
             Began as an Ogre Necromancer on Nov 9, 2019.
             Mangled by Sigmund
             ... wielding a +0 scythe
              (16 damage)
             ... on level 2 of the Dungeon.
             The game lasted 00:01:50 (940 turns).

D1HalberdGnoll the Grave Robber (Ogre Necromancer)   Turns: 940, Time: 00:01:50

Health: -11/27     AC:  3    Str: 11    XL:     2   Next: 37%
Magic:  0/5        EV: 10    Int: 16    God:
Gold:   36         SH:  0    Dex:  9    Spells: 4/6 levels left

rFire    . . .     SeeInvis .   b - +0 dagger
rCold    . . .     Gourm    .   (no shield)
rNeg     . . .     Faith    .   a - +0 robe
rPois    .         Spirit   .   (helmet restricted)
rElec    .         Reflect  .   (no cloak)
rCorr    .         Harm     .   (gloves unavailable)
MR       .....                  (boots unavailable)
Stlth    +.........             (no amulet)
HPRegen  0.09/turn              (no ring)
MPRegen  0.09/turn              (no ring)

@: no status effects
A: large, unfitting armour, tough skin 1
a: no special abilities


You were on level 2 of the Dungeon.
You were not hungry.

You visited 1 branch of the dungeon, and saw 2 of its levels.

You collected 36 gold pieces.

Inventory:

Hand Weapons
 b - a +0 dagger (weapon)
Armour
 a - a +0 robe (worn)
Scrolls
 e - a scroll of amnesia {unknown}
 f - a scroll of immolation {unknown}
Comestibles
 c - 2 rations


   Skills:
 + Level 1.1 Fighting
 - Level 1.7 Dodging
 - Level 1.4 Stealth
 + Level 2.7 Spellcasting
 * Level 3.9 Necromancy


You had 4 spell levels left.
You knew the following spells:

 Your Spells              Type           Power        Failure   Level  Hunger
a - Pain                  Necr           ##..         3%          1    #......
s - Animate Skeleton      Necr           N/A          3%          1    #......

Your spell library contained the following spells:

 Spells                   Type           Power        Failure   Level  Hunger
 Vampiric Draining        Necr           ##........   12%         3    ###....
 Regeneration             Chrm/Necr      #.........   26%         3    ###....
 Animate Dead             Necr           N/A          36%         4    #####..


Dungeon Overview and Level Annotations

Branches:
Dungeon (2/15)

Altars:

Annotations:
D:2 Sigmund


Innate Abilities, Weirdness & Mutations

You are too large for most types of armour.
You have tough skin. (AC +1)


Message History

You hit Sigmund.
Sigmund is moderately wounded.
The goblin throws a stone.
The stone hits you.
You hit Sigmund but do no damage.
Sigmund is moderately wounded.
Sigmund hits you with a +0 scythe.
The goblin throws a stone.
The stone hits you but does no damage.
You hit Sigmund.
Sigmund is heavily wounded.
The goblin throws a stone.
The stone barely misses you. Sigmund hits you with a +0 scythe!
* * * LOW HITPOINT WARNING * * *
You barely miss Sigmund.
Sigmund is heavily wounded.
The goblin throws a stone.
The stone closely misses you.
You hit Sigmund.
Sigmund is heavily wounded.
Sigmund hits you with a +0 scythe!
Ouch! That really hurt!
You die...

### #####.########
#....#.......#####
#.#@#.####.......#
#$@..## #.#.###.#
?........>.# #.#.#
#.## #.#####...##
#.#.###... ##.##
#.#....... #.#
#.#####... #.#
#.#####..# #'#
#........# .g
########.# ### #.#


You could see Sigmund and a goblin.

Vanquished Creatures
  A leopard gecko (D:1)
  A bat (D:1)
  A giant cockroach (D:1)
  A goblin (D:1)
  A hobgoblin (D:1)
  2 kobolds (D:1)
  4 frilled lizards
  A rat (D:1)
12 creatures vanquished.

Vanquished Creatures (others)
  4 toadstools (D:1)
4 creatures vanquished.

Grand Total: 16 creatures vanquished

Notes
Turn   | Place    | Note
-------+----------+-------------------------------------------
     0 | D:1      | D1HalberdGnoll the Ogre Necromancer began the quest for the
                  | Orb.
     0 | D:1      | Reached XP level 1. HP: 16/16 MP: 3/3
   171 | D:1      | Reached XP level 2. HP: 23/26 MP: 0/5
   220 | D:1      | Learned a level 1 spell: Animate Skeleton
   318 | D:1      | Reached skill level 1 in Fighting
   611 | D:2      | HP: 1/27 [worm (5)]
   919 | D:2      | Noticed Sigmund
   940 | D:2      | Mangled by Sigmund

Levels and vault maps discovered:
D:1:      ldierk_water_garden, layout_rooms
D:2:      layout_loops_corners, grunt_temple_overflow_growth_and_decay,
          makhleb_heckhound_becter, grunt_ministairs_9, minivault_26,
          xom_redecorated, uniq_sigmund, uniq_robin

Skill      XL: |  1  2 |
---------------+-------+-----
Fighting       | 1 |  1.1
Dodging        | |  1.7
Stealth        | |  1.4
Spellcasting   | |  2.7
Necromancy     | |  3.9

Action                   || total
-------------------------++-------
Melee: Unarmed           ||     1
       Dagger            ||    14
 Cast: Pain              ||    34
       Animate Skeleton  ||     2
  Use: Potion            ||     2
Armor: Robe              ||     7
Dodge: Dodged            ||    18

Table legend:
 A = Non-vault XP
 B = Vault XP
 C = Vault XP percentage of total XP
 D = Non-vault monster count
 E = Vault monster count
 F = Vault count percentage of total count
                 A         B        C        D         E       F
            +---------+---------+-------+---------+---------+-------
      Total |      19 |       0 |   0.0 |      12 |       0 |   0.0
            +---------+---------+-------+---------+---------+-------
        D:1 |      18 |       0 |   0.0 |      11 |       0 |   0.0
        D:2 |       1 |       0 |   0.0 |       1 |       0 |   0.0
            +---------+---------+-------+---------+---------+-------
